 Dungeon Crawl Stone Soup version bcrawl-1.13.2 (webtiles) character file.

Game seed: 7074096865357397736

158 Felnil the Skirmisher (level 5, -2/36 HPs)
             Began as a Skeleton Fighter on Aug 12, 2019.
             Slain by a gnoll shaman
             ... wielding a +0 whip
              (7 damage)
             ... on level 3 of the Dungeon.
             The game lasted 00:06:20 (2401 turns).

Felnil the Skirmisher (Skeleton Fighter)            Turns: 2401, Time: 00:06:21

Health: -2/36      AC:  6    Str: 23      XL:     5   Next: 16%
Magic:  0/5        EV:  6    Int:  6 (7)  God:
Gold:   107        SH: 14    Dex:  6 (8)  Spells: 4/4 levels left

rFire    . . .     SeeInvis .   a - +0 war axe
rCold    + . .     Gourm    .   i - +0 large shield
rNeg     + + +     Faith    .   b - +0 scale mail
rPois    ∞         Spirit   +   (no helmet)
rElec    .         Reflect  .   (no cloak)
rCorr    .         Harm     .   (no gloves)
MR       +....                  (no boots)
Stlth    ..........             (no amulet)
HPRegen  0.12/turn              k - ring of protection from magic
MPRegen  0.09/turn              (no ring)

@: no status effects
A: no food or potions, cold resistance 1, deterioration 1, negative energy
resistance 3, torment resistance, unbreathing, magic shield, sturdy frame 1,
spell healing
a: no special abilities


You were on level 3 of the Dungeon.
You were not hungry.

You visited 1 branch of the dungeon, and saw 3 of its levels.

You collected 107 gold pieces.

Inventory:

Hand Weapons
 a - a +0 war axe (weapon)
 c - a +1 dagger of venom
Missiles
 j - 152 tomahawks (quivered)
Armour
 b - a +0 scale mail (worn)
 i - a +0 large shield (worn)
Jewellery
 k - a ring of protection from magic (left hand)
Scrolls
 d - a scroll of immolation {unknown}
 e - a scroll of fog {unknown}
 f - 3 scrolls of remove curse
 g - 2 scrolls of enchant weapon
 h - a scroll of magic mapping {unknown}


   Skills:
 + Level 5.9 Fighting
 - Level 2.4 Axes
 - Level 3.2 Armour
 - Level 3.6 Shields


You had 4 spell levels left.
You didn't know any spells.
Your spell library was empty.

Dungeon Overview and Level Annotations

Branches:
Dungeon (3/12)

Altars:
Vehumet
Xom


Innate Abilities, Weirdness & Mutations

You do not eat or drink.
You are immune to poison.
Your flesh is cold resistant. (rC+)
Your body sometimes deteriorates upon taking damage.
You are immune to negative energy. (rN+++)
You are immune to unholy pain and torment.
You can survive without breathing.
When hurt, damage is shared between your health and your magic reserves.
Your movements are slightly less encumbered by armour. (ER -2)
Casting spells heals you.


Message History

The gnoll shaman closely misses you.
You hit the gnoll shaman but do no damage.
The gnoll shaman is moderately wounded.
You hit the gnoll shaman.
The gnoll shaman hits you with a +0 whip.
You block the gnoll shaman's attack.
The gnoll shaman hits you with a +0 whip.
You block the gnoll shaman's attack.
The gnoll shaman hits you with a +0 whip!
* * * LOW HITPOINT WARNING * * *
Your body deteriorates!
You feel clumsy.
As you read the scroll labeled ESEDWA BYERID, it crumbles to dust.
You feel blessed for a moment.
It was a scroll of remove curse.
You block the gnoll shaman's attack. x2; The gnoll shaman barely misses you.
As you read the scroll labeled WIODEJ HARPHAPSUA, it crumbles to dust.
It is a scroll of enchant weapon.
Your +0 dagger of venom glows red for a moment.
You block the gnoll shaman's attack.
The gnoll shaman hits you with a +0 whip!
You die...

#....................).(..<..
#...........)........#.......
#............................
#...............##....(......
##.............#####....####.
#.....#####....###.......##.
#.....# #..##............#.
#.....# #..#####....##.#...
#.....# #g@g.# ##...##.....
#.##### ##)#.## #.......... #.###
###.#..###...##..... ##...##
#...##.....####.....
#####.....####.#..##.....###.....
...........)!....................
≈≈≈≈≈≈≈≈≈≈≈≈≈....≈≈≈≈≈≈≈≈≈≈≈≈≈≈≈≈
≈≈≈≈≈≈≈≈≈≈≈≈≈....≈≈≈≈≈≈≈≈≈≈≈≈≈≈≈≈
#≈≈≈≈≈≈≈≈≈≈≈≈....≈≈≈≈≈≈≈≈≈≈≈≈####


You could see 2 gnoll shamans.

Vanquished Creatures
  Terence (D:3)
  3 adders (D:3)
  4 gnolls (D:3)
  An ooze (D:2)
  2 worms
  A dart slug (D:3)
  A leopard gecko (D:1)
  3 orcs (D:3)
  A ball python (D:2)
  A giant cockroach (D:2)
  6 hobgoblins
  14 jackals (D:3)
  4 kobolds
  3 quokkas (D:3)
  2 bats
  2 goblins
  2 rats (D:2)
51 creatures vanquished.

Notes
Turn   | Place    | Note
-------+----------+-------------------------------------------
     0 | D:1      | Felnil the Skeleton Fighter began the quest for the Orb.
     0 | D:1      | Reached XP level 1. HP: 14/14 MP: 1/1
   573 | D:2      | Reached XP level 2. HP: 19/19 MP: 2/2
   611 | D:2      | Found a radiant altar of Vehumet.
   801 | D:2      | Reached skill level 4 in Fighting
  1258 | D:3      | Reached XP level 3. HP: 23/24 MP: 1/3
  1407 | D:3      | Noticed Terence
  1416 | D:3      | Killed Terence
  1416 | D:3      | Reached skill level 5 in Fighting
  1416 | D:3      | Reached XP level 4. HP: 19/31 MP: 1/4
  1960 | D:3      | Reached XP level 5. HP: 33/36 MP: 5/5
  2226 | D:3      | Found a shimmering altar of Xom.
  2401 | D:3      | Slain by a gnoll shaman

Skill      XL: |  1  2  3 |
---------------+----------+-----
Fighting       | 4 5 |  5.9
Axes           | |  2.4
Armour         | |  3.2
Shields        | |  3.6

Action                   |  1- 3 |  4- 6 || total
-------------------------+-------+-------++-------
Melee: War axe           |    66 |   104 ||   170
  Use: Scroll            |       |     2 ||     2
Armor: Scale mail        |    40 |    39 ||    79
Dodge: Dodged            |    13 |    31 ||    44
Block: Shield            |    15 |       ||    15
       Large shield      |    39 |   117 ||   156
